[Event "*** SCC Grand Prix: Titled Tuesday Blitz"]
[Site "Chess.com"]
[Date "2020.06.02"]
[Round "4"]
[White "Yoshikrov"]
[Black "Vandros57"]
[Result "1/2-1/2"]
[WhiteElo "2043"]
[BlackElo "2229"]
[TimeControl "180+1"]
[EndTime "10:38:17 PDT"]
[Termination "Game drawn by repetition"]

1. e4 c5 2. Nf3 e6 3. d4 cxd4 4. Nxd4 Nf6 5. Nc3 Nc6 6. Be2 Bb4 7. Qd3 d5 8. exd5 exd5 9. O-O O-O 10. Bg5 Be7 11. Nf5 Bxf5 12. Qxf5 h6 13. Bh4 d4 14. Rad1 Re8 15. Bxf6 Bxf6 16. Ne4 Re5 17. Nxf6+ Qxf6 18. Qxf6 gxf6 19. Bf3 Rc5 20. Rd2 Rc8 21. h3 Ne5 22.
Bxb7 Rb8 23. Be4 Rxb2 24. Rxd4 Rxa2 25. Rb1 a5 26. Rb8+ Kg7 27. Rdd8 f5 28. Rg8+ Kf6 29. Rb6+ Ke7 30. Rb7+ Kf6 31. Rb6+ Ke7 32. Rb7+ Kf6 33. Rb6+ 1/2-1/2

[Event "*** SCC Grand Prix: Titled Tuesday Blitz"]
[Site "Chess.com"]
[Date "2020.06.02"]
[Round "4"]
[White "Sychev_Klementy"]
[Black "ftorodent"]
[Result "1-0"]
[WhiteElo "2848"]
[BlackElo "2675"]
[TimeControl "180+1"]
[EndTime "10:38:18 PDT"]
[Termination "Sychev_Klementy won by resignation"]

1. e4 e6 2. d4 d5 3. Nc3 Nf6 4. Bg5 dxe4 5. Nxe4 Nbd7 6. Nxf6+ Nxf6 7. Nf3 h6 8. Be3 Bd6 9. Qe2 b6 10. O-O-O Bb7 11.
Ne5 O-O 12. Rg1 Nd5 13. g4 c5 14. g5 Nxe3 15. Qxe3 cxd4 16. Qxd4 Bxe5 17. Qxe5 Qb8 18.
Rd6 hxg5 19. Qxg5 g6 20. Rxe6 1-0

[Event "*** SCC Grand Prix: Titled Tuesday Blitz"]
[Site "Chess.com"]
[Date "2020.06.02"]
[Round "4"]
[White "RestartingChess"]
[Black "Anwesh9792"]
[Result "0-1"]
[WhiteElo "2491"]
[BlackElo "2726"]
[TimeControl "180+1"]
[EndTime "10:38:18 PDT"]
[Termination "Anwesh9792 won by resignation"]

1. e4 e5 2. Nf3 Nc6 3. Bc4 Nf6 4.
Ng5 d5 5. exd5 Na5 6. Bb5+ c6 7.
dxc6 bxc6 8. Qf3 Be7 9. Bd3 O-O 10. Ne4 Nd5 11. Nec3 f5 12. O-O e4 13. Nxe4 fxe4 14.
Qxe4 Bf5 15. Qd4 c5 16. Qa4 Bxd3 17. cxd3 Nb4 18. b3 Bf6 19. Nc3 Bd4 20. Ba3 Nxd3 21.
Ne4 Kh8 22. Rad1 Qd5 23. Qxa5 Qxe4 24. Qc7 Nxf2 25. Rxf2 Bxf2+ 26. Kh1 Qe2 27. Rc1 Bd4 28. h3 Rf1+ 29. Rxf1 Qxf1+ 30. Kh2 Bg1+ 31. Kg3 Qf2+ 32. Kg4 Qxg2+ 33. Kf5 Rf8+ 34. Ke6 Qe4+ 35. Kd7 Rf7+ 36. Kc8 Rxc7+ 37. Kxc7 0-1

[Event "*** SCC Grand Prix: Titled Tuesday Blitz"]
[Site "Chess.com"]
[Date "2020.06.02"]
[Round "4"]
[White "PredragNikac"]
[Black "Fusikk"]
[Result "0-1"]
[WhiteElo "2368"]
[BlackElo "2605"]
[TimeControl "180+1"]
[EndTime "10:38:18 PDT"]
[Termination "Fusikk won by resignation"]

1. d4 Nf6 2. Bg5 Ne4 3. Bf4 d5 4. e3 Bf5 5. Bd3 e6 6. f3 Nd6 7.
Bxd6 Bxd6 8. Bxf5 Qh4+ 9. Kf1 exf5 10. f4 O-O 11. Nf3 Qe7 12. Qd3 g6 13. h4 h5 14.
Ne5 Kg7 15. Nd2 c5 16. Re1 c4 17. Qe2 f6 18. Nef3 Nc6 19. c3 b5 20. Rh3 b4 21. Rg3 Kh6 22. Kg1 Rab8 23. Nxc4 dxc4 24. Qxc4 Rfc8 25. Qd5 bxc3 26. e4 cxb2 27. exf5 b1=Q 28. Rxg6+ Kh7 29. Rxb1 Rxb1+ 30. Kf2 Nb4 31. Qb5 a6 32. Qb6 Nd3+ 0-1

[Event "*** SCC Grand Prix: Titled Tuesday Blitz"]
[Site "Chess.com"]
[Date "2020.06.02"]
[Round "4"]
[White "mjray79"]
[Black "louis198"]
[Result "1-0"]
[WhiteElo "2315"]
[BlackElo "2456"]
[TimeControl "180+1"]
[EndTime "10:38:18 PDT"]
[Termination "mjray79 won by resignation"]

1. d4 Nf6 2. c4 c5 3. d5 b5 4. Nf3 bxc4 5. Qc2 d6 6. e4 Ba6 7. Bxc4 Bxc4 8. Qxc4 Nbd7 9. Nc3 g6 10. O-O Bg7 11. Bf4 O-O 12. Rfe1 Rb8 13. Qe2 Ng4 14. h3 Nge5 15. Nxe5 Nxe5 16. Be3 c4 17. Bxa7 Rb7 18.
Bd4 Nd3 19. Bxg7 Kxg7 20. Reb1 Qa5 21. a4 Rb3 22. Qe3 Nxb2 23. Qd4+ f6 24. Nb5 Nxa4 25. Rxb3 cxb3 26. Qxa4 Qxa4 27. Rxa4 Rb8 28. Rb4 1-0

[Event "*** SCC Grand Prix: Titled Tuesday Blitz"]
[Site "Chess.com"]
[Date "2020.06.02"]
[Round "4"]
[White "Nastya_Rakhmangulova"]
[Black "bulletteemo"]
[Result "0-1"]
[WhiteElo "2334"]
[BlackElo "2568"]
[TimeControl "180+1"]
[EndTime "10:38:22 PDT"]
[Termination "bulletteemo won by checkmate"]

1. e4 c5 2. Nf3 Nc6 3. d4 cxd4 4. Nxd4 Nf6 5. Nc3 d6 6. Bg5 e6 7. Qd2 a6 8. O-O-O Bd7 9. f4 b5 10. Nxc6 Bxc6 11. Bd3 Be7 12. e5 dxe5 13. fxe5 Nd5 14. Bxe7 Qxe7 15. Ne4 O-O 16. Rdf1 Rac8 17. Kb1 a5 18. Qxa5 Ra8 19. Qd2 Qa7 20. a3 b4 21.
Nf6+ gxf6 22. exf6 Qe3 23. Qd1 Qh6 24. g4 Ne3 25.
Qd2 Bxh1 26. Rxh1 Nxg4 27. Qg2 Kh8 28. Qxg4 bxa3 29. Qe4 axb2 30. Kxb2 Qxf6+ 31. c3 Rfb8+ 32. Kc2 Ra2+ 33. Kc1 Qg5+ 34. Kd1 Qd2# 0-1

[Event "*** SCC Grand Prix: Titled Tuesday Blitz"]
[Site "Chess.com"]
[Date "2020.06.02"]
[Round "4"]
[White "AleksanderHnydiuk"]
[Black "robertxbob"]
[Result "1-0"]
[WhiteElo "2567"]
[BlackElo "2199"]
[TimeControl "180+1"]
[EndTime "10:38:24 PDT"]
[Termination "AleksanderHnydiuk won by resignation"]

1. d4 g6 2. c4 d6 3. Nf3 Bg7 4. Nc3 Nf6 5. g3 O-O 6. Bg2 Nbd7 7.
O-O e5 8. e4 exd4 9. Nxd4 Re8 10. h3 Nc5 11. Re1 c6 12. Bf4 Nh5 13. Be3 Qc7 14.
Qc2 Bd7 15. Rad1 Rad8 16. b4 Ne6 17. Nb3 Bc8 18. a4 Nf6 19. a5 b6 20. axb6 axb6 21.
Nd4 Nxd4 22. Bxd4 Be6 23. Ne2 Nd7 24. Bxg7 Kxg7 25. Nd4 Ne5 26. Qc3 Kg8 27. f4 c5 28.
Nxe6 1-0

[Event "*** SCC Grand Prix: Titled Tuesday Blitz"]
[Site "Chess.com"]
[Date "2020.06.02"]
[Round "4"]
[White "larisakalinina"]
[Black "TheoSlade"]
[Result "0-1"]
[WhiteElo "1965"]
[BlackElo "2367"]
[TimeControl "180+1"]
[EndTime "10:38:24 PDT"]
[Termination "TheoSlade won by resignation"]

1. e4 e5 2. Nf3 Nc6 3. d4 exd4 4.
Nxd4 Bc5 5. Be3 Qf6 6. c3 Nge7 7. g3 d5 8. Bg2 dxe4 9. Nb5 Bxe3 10. Nxc7+ Kf8 11.
O-O Rb8 12. fxe3 Qg5 13. Qb3 Qxe3+ 14. Kh1 Ne5 15. Nb5 g6 16. Nd6 Kg7 17. Nxc8 Rhxc8 18. Na3 Nf5 19. Rae1 Qh6 20. Kg1 e3 21. Qd5 Ng4 22.
h3 Nf6 23. Qf3 Qg5 24. g4 Nh4 25. Qf4 Qxf4 26. Rxf4 Nxg2 27. Kxg2 Rd8 28. Rxe3 Nd5 29. Rfe4 Nxe3+ 30. Rxe3 Rd2+ 31. Kf3 Rxb2 32. Nc4 Rxa2 33. Re7 Rc8 34. Rxf7+ Kxf7 35. Nd6+ Ke6 36. Nxc8 Kd7 37. Nxa7 Rxa7 0-1

[Event "*** SCC Grand Prix: Titled Tuesday Blitz"]
[Site "Chess.com"]
[Date "2020.06.02"]
[Round "4"]
[White "CyberneticLion"]
[Black "lidiyato"]
[Result "1-0"]
[WhiteElo "2391"]
[BlackElo "2114"]
[TimeControl "180+1"]
[EndTime "10:38:26 PDT"]
[Termination "CyberneticLion won by checkmate"]

1. d4 Nf6 2. Bf4 e6 3. e3 b6 4. Nf3 Bb7 5. Bd3 Be7 6. Nbd2 c5 7. c3 d6 8. O-O Nbd7 9. Qe2 Nh5 10. Bg3 Nxg3 11.
hxg3 O-O 12. Kh2 f5 13. e4 f4 14. gxf4 Rxf4 15. g3 Rf8 16. Kg2 cxd4 17. cxd4 e5 18. Bc4+ Kh8 19. Rh1 exd4 20. Rxh7+ Kxh7 21. Rh1+ Kg6 22. Ne5+ Kf6 23. Qg4 Nxe5 24. Qf5# 1-0

[Event "*** SCC Grand Prix: Titled Tuesday Blitz"]
[Site "Chess.com"]
[Date "2020.06.02"]
[Round "4"]
[White "124chess"]
[Black "Alexander_Zubov"]
[Result "0-1"]
[WhiteElo "2748"]
[BlackElo "2965"]
[TimeControl "180+1"]
[EndTime "10:38:27 PDT"]
[Termination "Alexander_Zubov won by resignation"]

1. e4 c5 2. Nf3 d6 3. d4 cxd4 4.
Qxd4 a6 5. c4 Nc6 6. Qe3 Bg4 7. Be2 Bxf3 8. Bxf3 g6 9. O-O Bg7 10.
Rd1 e5 11. Nc3 Nd4 12. Qd3 Ne7 13. Bg4 O-O 14. Be3 Kh8 15. Nd5 Nxd5 16. cxd5 Qh4 17. Bh3 Bh6 18. Bxd4 exd4 19. Qxd4+ Bg7 20. Qb4 Be5 21. Kf1 f5 22. Re1 fxe4 23. Re2 Rf4 24. Rc1 Raf8 25. Rcc2 e3 0-1

[Event "*** SCC Grand Prix: Titled Tuesday Blitz"]
[Site "Chess.com"]
[Date "2020.06.02"]
[Round "4"]
[White "chessbia"]
[Black "MathiasWomacka"]
[Result "1-0"]
[WhiteElo "2125"]
[BlackElo "2374"]
[TimeControl "180+1"]
[EndTime "10:38:27 PDT"]
[Termination "chessbia won by checkmate"]

1. d4 Nf6 2. c4 e6 3. Nc3 Bb4 4.
Qc2 c5 5. dxc5 O-O 6. Nf3 Na6 7. g3 Nxc5 8. Bg2 Nce4 9. O-O Nxc3 10. bxc3 Be7 11. e4 d6 12. e5 dxe5 13. Nxe5 Qc7 14.
Re1 Bd6 15. Qe2 Nd7 16. Bf4 Nxe5 17. Bxe5 Bxe5 18. Qxe5 Qxc4 19. a4 a5 20. Red1 f6 21. Qd6 Qxc3 22. Rac1 Qb4 23. Qc7 e5 24. Rd8 Be6 25.
Rxa8 Rxa8 26. Bxb7 Rf8 27. Bc6 Rc8 28. Qa7 Rxc6 29.
Qa8+ Rc8 30. Rxc8+ Bxc8 31. Qxc8+ Kf7 32. Qd7+ Kg6 33.
Qe8+ Kh6 34. h3 e4 35. g4 Kg5 36. Qh5+ Kf4 37. Qf5# 1-0

[Event "*** SCC Grand Prix: Titled Tuesday Blitz"]
[Site "Chess.com"]
[Date "2020.06.02"]
[Round "4"]
[White "angryhorse9"]
[Black "doctorcristian"]
[Result "0-1"]
[WhiteElo "2438"]
[BlackElo "2303"]
[TimeControl "180+1"]
[EndTime "10:38:28 PDT"]
[Termination "doctorcristian won by resignation"]

1. c4 Nf6 2. Nf3 b6 3. g3 Bb7 4. Bg2 g6 5. O-O Bg7 6. d4 O-O 7. Nc3 Ne4 8. Bd2 d6 9. Qc2 Nxd2 10. Qxd2 e6 11. e4 Nd7 12. Rad1 Qe7 13. Qc2 Rfd8 14.
a3 a5 15. h3 h6 16. Rfe1 Kh7 17. Kh2 Qf8 18. Ng1 Qh8 19. Nge2 Kg8 20. f4 h5 21. e5 Bxg2 22. Kxg2 dxe5 23. dxe5 Bf8 24. Nd4 Nc5 25. Nc6 Rxd1 26. Rxd1 a4 27. Ne4 Nxe4 28. Qxe4 Kg7 29. Rd7 Bc5 30. Rxc7 Rd8 31. h4 Rd1 32. Qc2 Rg1+ 33. Kh2 Qa8 34. Qd2 Rb1 35. Qd7 Rxb2+ 36. Kh3 Qf8 37. Nd8 Bg1 38. g4 Qxa3+ 0-1

[Event "*** SCC Grand Prix: Titled Tuesday Blitz"]
[Site "Chess.com"]
[Date "2020.06.02"]
[Round "4"]
[White "tapu2"]
[Black "GM_Buhmann"]
[Result "0-1"]
[WhiteElo "2533"]
[BlackElo "2837"]
[TimeControl "180+1"]
[EndTime "10:38:31 PDT"]
[Termination "GM_Buhmann won by resignation"]

1. c4 e6 2. g3 d5 3. Bg2 Nf6 4. Nf3 Be7 5. O-O O-O 6. d4 c6 7. Qc2 b6 8. Nbd2 Bb7 9. e4 Na6 10. a3 c5 11. exd5 exd5 12. dxc5 Nxc5 13. b4 Ne6 14. Bb2 a5 15. Qb3 dxc4 16. Nxc4 axb4 17. axb4 Bd5 18. Qd3 Rxa1 19. Bxa1 Qc7 20. Ne3 Be4 21. Qb3 Rd8 22. Nh4 Bxg2 23. Nhxg2 Nd4 24. Bxd4 Rxd4 25. b5 Bc5 26. Nf4 Qd7 27. Ned5 Nxd5 0-1

[Event "*** SCC Grand Prix: Titled Tuesday Blitz"]
[Site "Chess.com"]
[Date "2020.06.02"]
[Round "4"]
[White "arminmusovic"]
[Black "SantoBlue"]
[Result "0-1"]
[WhiteElo "2528"]
[BlackElo "2782"]
[TimeControl "180+1"]
[EndTime "10:38:31 PDT"]
[Termination "SantoBlue won by resignation"]

1. a3 e5 2. Nc3 d5 3. d4 e4 4. Bf4 c6 5. f3 f5 6. Qd2 Nf6 7. Nh3 Be7 8. e3 Nh5 9. Be5 Nd7 10. O-O-O Nxe5 11. dxe5 g6 12. Be2 Ng7 13. f4 Ne6 14. g4 Ng7 15. Rhg1 fxg4 16. Bxg4 Bxg4 17. Rxg4 Nf5 18. Ng5 Qb6 19. Nxd5 cxd5 20. Qxd5 Bxg5 21. Qd7+ Kf8 22. Rxg5 Ne7 23. Rd6 Qxe3+ 24. Kb1 Re8 25. Rf6+ Kg7 26. Re6 Rhf8 27. Rxe7+ Rxe7 28. Qxe7+ Rf7 29. Qd8 Qxf4 30. e6 Qf1+ 31. Ka2 Qc4+ 0-1

[Event "*** SCC Grand Prix: Titled Tuesday Blitz"]
[Site "Chess.com"]
[Date "2020.06.02"]
[Round "4"]
[White "Shockerlover"]
[Black "RianKapriaga"]
[Result "0-1"]
[WhiteElo "1701"]
[BlackElo "2190"]
[TimeControl "180+1"]
[EndTime "10:38:31 PDT"]
[Termination "RianKapriaga won on time"]

1. d4 Nf6 2. c4 e6 3. Nf3 b6 4. g3 Ba6 5. Qc2 c5 6. Bg2 Nc6 7. e3 Rc8 8. O-O d5 9. b3 Be7 10. Rd1 O-O 11. dxc5 Bxc5 12. Bb2 Qe7 13. cxd5 exd5 14.
Nc3 Nb4 15. Qd2 Rfd8 16. Nd4 Ne4 17. Nxe4 dxe4 18. a3 Nd3 19. Bc3 g6 20. b4 Bd6 21.
b5 Bb7 22. Bh3 f5 23. g4 Qh4 24. Qa2+ Kh8 25. Ne6+ Rxc3 0-1

[Event "*** SCC Grand Prix: Titled Tuesday Blitz"]
[Site "Chess.com"]
[Date "2020.06.02"]
[Round "4"]
[White "canary2016"]
[Black "kasparicy"]
[Result "0-1"]
[WhiteElo "1963"]
[BlackElo "2219"]
[TimeControl "180+1"]
[EndTime "10:38:32 PDT"]
[Termination "kasparicy won by resignation"]

1. Nf3 Nf6 2. g3 g6 3. Bg2 Bg7 4. O-O d5 5. d4 O-O 6. c4 c6 7.
Nbd2 Ne4 8. b3 a5 9. Bb2 a4 10. bxa4 Bf5 11. cxd5 cxd5 12. Nxe4 Bxe4 13. Rc1 Nc6 14. Ne5 Bxg2 15. Kxg2 Nxe5 16. dxe5 Qa5 17. Qd4 e6 18. Rc5 Qxa4 19. Rfc1 Qxd4 20. Bxd4 Rxa2 21. e3 h5 22. Rb5 f6 23. exf6 Bxf6 24. Bxf6 Rxf6 25.
Rc8+ Kg7 26. Rxb7+ Kh6 27. h4 Raxf2+ 28. Kh3 Rf8 29. Rxf8 Rxf8 30. Re7 Rf6 31. Kg2 g5 32. hxg5+ Kxg5 33. Rg7+ Kf5 34. Kf2 Ke4+ 35. Ke2 Rf3 36. Re7 Rxe3+ 37. Kf2 Kd3 38. Rh7 d4 39. Rxh5 e5 40.
Rh1 Re2+ 41. Kf3 e4+ 42. Kf4 e3 43. Rd1+ Rd2 44. Ra1 Rf2+ 45. Kg4 e2 46. Ra3+ Kc2 47. Ra2+ Kb3 48. Ra1 Rf1 49. Rxf1 exf1=Q 0-1

[Event "*** SCC Grand Prix: Titled Tuesday Blitz"]
[Site "Chess.com"]
[Date "2020.06.02"]
[Round "4"]
[White "Maksimus1998"]
[Black "Virgo15"]
[Result "0-1"]
[WhiteElo "2519"]
[BlackElo "2748"]
[TimeControl "180+1"]
[EndTime "10:38:34 PDT"]
[Termination "Virgo15 won by resignation"]

1. e4 e6 2. d4 d5 3. exd5 exd5 4. Bd3 c5 5. dxc5 Bxc5 6. Nf3 Nf6 7. O-O O-O 8. Nbd2 Nc6 9. Nb3 Bb6 10. Bg5 h6 11. Bh4 g5 12. Bg3 Ne4 13. Bxe4 dxe4 14. Ne5 Qxd1 15. Rfxd1 f5 16. Nxc6 bxc6 17. Bd6 Rd8 18. Bc5 Be6 19. Bxb6 axb6 20. Nd4 Bd7 21. b4 c5 22. bxc5 bxc5 23. Nb3 c4 24. Nc5 Bc6 25. h4 Rxd1+ 26. Rxd1 Rxa2 27. Rd6 Be8 28. c3 gxh4 29. Rxh6 Ra3 30. Rxh4 Rxc3 31. g4 Rc1+ 32. Kh2 c3 33. gxf5 c2 34. Nb3 Rb1 35. Rxe4 Bf7 36. Rg4+ Kf8 0-1

[Event "*** SCC Grand Prix: Titled Tuesday Blitz"]
[Site "Chess.com"]
[Date "2020.06.02"]
[Round "4"]
[White "Micki-taryan"]
[Black "Man-Chuk"]
[Result "1-0"]
[WhiteElo "3050"]
[BlackElo "2770"]
[TimeControl "180+1"]
[EndTime "10:38:36 PDT"]
[Termination "Micki-taryan won by resignation"]

1. Nf3 d5 2. d4 Nf6 3. c4 e6 4. Nc3 Bb4 5. Bg5 h6 6. Bxf6 Qxf6 7. Qa4+ Nc6 8. e3 O-O 9. Be2 dxc4 10. a3 Bxc3+ 11.
bxc3 Bd7 12. Qxc4 Rac8 13. O-O Na5 14. Qb4 b6 15. Ne5 Rfd8 16. Nxd7 Rxd7 17. Rfd1 c5 18. Qa4 Rdc7 19. Ba6 Rd8 20. h3 g6 21. Bb5 Rdc8 22.
Ba6 Rd8 23. Ra2 e5 24. d5 c4 25. Rad2 Nb3 26. Re2 e4 27. Bxc4 Na5 28. Rd4 Qd6 29. Red2 Qc5 30. d6 Rcd7 31. Ba2 Rxd6 32. Rxd6 1-0

[Event "*** SCC Grand Prix: Titled Tuesday Blitz"]
[Site "Chess.com"]
[Date "2020.06.02"]
[Round "4"]
[White "grzechu96"]
[Black "MasterKroket"]
[Result "1-0"]
[WhiteElo "2632"]
[BlackElo "2424"]
[TimeControl "180+1"]
[EndTime "10:38:36 PDT"]
[Termination "grzechu96 won by resignation"]

1. e4 c5 2. Nf3 e6 3. b3 Nf6 4.
e5 Nd5 5. c4 Ne7 6. Bb2 Nbc6 7.
Be2 d5 8. exd6 Nf5 9. O-O Bxd6 10. Na3 O-O 11. Nc2 b6 12. d4 cxd4 13. Ncxd4 Nfxd4 14. Nxd4 Bb7 15. Bf3 Rc8 16. Nb5 Bb8 17. Qe2 a6 18.
Rad1 Qh4 19. g3 Qh3 20. Nd6 Bxd6 21. Rxd6 Qf5 22. Bg2 Rfd8 23. Rfd1 Rxd6 24. Rxd6 Qb1+ 25. Rd1 Qxa2 26. Bxc6 Bxc6 27. Qe5 Kf8 28. Qxg7+ 1-0

[Event "*** SCC Grand Prix: Titled Tuesday Blitz"]
[Site "Chess.com"]
[Date "2020.06.02"]
[Round "4"]
[White "Kirill_Klukin"]
[Black "vladislavkovalev"]
[Result "1-0"]
[WhiteElo "2730"]
[BlackElo "2864"]
[TimeControl "180+1"]
[EndTime "10:38:37 PDT"]
[Termination "Kirill_Klukin won by resignation"]

1. d4 Nf6 2. Nf3 e6 3. e3 d5 4.
Bd3 c5 5. O-O Nc6 6. c4 dxc4 7.
Bxc4 a6 8. Qe2 b5 9. Bb3 Bb7 10. a4 c4 11. Bc2 Nb4 12. Nc3 Nxc2 13. Qxc2 b4 14. Ne2 Rc8 15. Ng3 Bd6 16. a5 O-O 17. Ne5 Qc7 18. f4 Bd5 19. e4 Ba8 20. Bd2 b3 21. Qb1 Qb7 22. Re1 Rfd8 23. Bc3 Bb4 24.
Ra4 Bxc3 25. bxc3 Qb5 26. Rb4 Qxa5 27. Nxc4 Qa3 28. Nxa3 Rxc3 29. Rxb3 1-0

[Event "*** SCC Grand Prix: Titled Tuesday Blitz"]
[Site "Chess.com"]
[Date "2020.06.02"]
[Round "4"]
[White "qqwow"]
[Black "ChessAintFun"]
[Result "0-1"]
[WhiteElo "2398"]
[BlackElo "2648"]
[TimeControl "180+1"]
[EndTime "10:38:38 PDT"]
[Termination "ChessAintFun won by resignation"]

1. e4 c5 2. Nf3 e6 3. d4 cxd4 4.
Nxd4 Nc6 5. Nc3 Qc7 6. Be2 a6 7. O-O Nf6 8. Be3 Bb4 9. Na4 Be7 10.
Nxc6 bxc6 11. f4 d5 12. Nb6 Rb8 13. Nxc8 Qxc8 14. exd5 cxd5 15. Bd4 Bc5 16. Kh1 Bxd4 17. Qxd4 Qxc2 18. Bxa6 Rxb2 19. Rg1 O-O 20. h3 Rxa2 21.
f5 Ne4 22. fxe6 fxe6 23. Rxa2 Qxa2 24. Ra1 Qd2 25. Qe5 Nc5 26. Be2 Qf4 27. Qc3 Ne4 28. Qc2 Ng3+ 29. Kg1 Qe3+ 30. Kh2 Nxe2 0-1

[Event "*** SCC Grand Prix: Titled Tuesday Blitz"]
[Site "Chess.com"]
[Date "2020.06.02"]
[Round "4"]
[White "Carnivoras"]
[Black "ajian"]
[Result "0-1"]
[WhiteElo "2608"]
[BlackElo "2425"]
[TimeControl "180+1"]
[EndTime "10:38:39 PDT"]
[Termination "ajian won by resignation"]

1. d4 Nf6 2. Nf3 e6 3. Bg5 c5 4.
e3 b6 5. Nbd2 Bb7 6. c3 Be7 7.
Bd3 h6 8. Bh4 O-O 9. O-O Nc6 10.
a3 d5 11. b4 Rc8 12. Qe2 a5 13. b5 Nb8 14. a4 Nbd7 15. h3 Ne4 16. Bxe7 Qxe7 17.
Bxe4 dxe4 18. Ne5 cxd4 19. Nxd7 d3 20. Qg4 f5 21. Qf4 Qxd7 22. c4 Rc5 23. Rfc1 e5 24. Qh4 Qe6 25. Rc3 g5 26. Qh5 f4 27.
Re1 Qf6 28. Qg4 fxe3 29. f3 0-1

[Event "*** SCC Grand Prix: Titled Tuesday Blitz"]
[Site "Chess.com"]
[Date "2020.06.02"]
[Round "4"]
[White "Bastiandash"]
[Black "HansCoolNiemann"]
[Result "0-1"]
[WhiteElo "2118"]
[BlackElo "2813"]
[TimeControl "180+1"]
[EndTime "10:38:39 PDT"]
[Termination "HansCoolNiemann won by resignation"]

1. d4 Nf6 2. Nf3 e6 3. c3 b6 4. Bg5 Bb7 5. Nbd2 d5 6. e3 Nbd7 7. Bd3 h6 8. Bh4 Bd6 9. O-O Qe7 10. Qe2 e5 11. dxe5 Nxe5 12. Nxe5 Qxe5 13. Bg3 Qe7 14. Bxd6 Qxd6 15. e4 Qe7 16. exd5 Qxe2 17. Bxe2 Bxd5 18.
Bf3 O-O-O 19. Bxd5 Rxd5 20. Nf3 Re8 21. Rfe1 a5 22.
Kf1 a4 23. Rxe8+ Nxe8 24. b3 Nd6 25. Re1 axb3 26. axb3 Rd3 27. Rc1 Ne4 28. Ne5 Rd5 29. Nf3 Rd3 30. Ne5 Rxc3 31. Rxc3 Nxc3 32. Nxf7 Kd7 33. Ne5+ Ke6 34. Nd3 Kd5 35. Ke1 g5 36. f4 Kd4 37. fxg5 hxg5 38. Nf2 c5 39. Nh3 Ne4 40.
Ng1 Kc3 41. Ke2 Kxb3 42. Kd3 Nd6 43. Nf3 c4+ 44. Kd2 Kb2 45. Nxg5 c3+ 46. Kd3 c2 47. Nf3 c1=Q 0-1

[Event "*** SCC Grand Prix: Titled Tuesday Blitz"]
[Site "Chess.com"]
[Date "2020.06.02"]
[Round "4"]
[White "davidkalashian"]
[Black "ChessWarrior7197"]
[Result "1/2-1/2"]
[WhiteElo "2563"]
[BlackElo "2902"]
[TimeControl "180+1"]
[EndTime "10:38:40 PDT"]
[Termination "Game drawn by repetition"]

1. d4 d5 2. Nf3 e6 3. c4 c5 4. cxd5 exd5 5. g3 Nc6 6. Bg2 cxd4 7. Nxd4 Bc5 8. Nb3 Bb6 9. O-O Nf6 10. Bg5 O-O 11.
Nc3 Be6 12. Na4 h6 13. Bf4 d4 14. Nxb6 axb6 15. Bxc6 bxc6 16. Qxd4 c5 17. Qxd8 Rfxd8 18. Bc7 Rdc8 19. Be5 Nd7 20. Bf4 b5 21. Rfd1 Nb6 22.
Be3 Na4 23. Rdc1 Bc4 24. Nxc5 Nxc5 25. Bxc5 Rxc5 26. b3 f5 27. bxc4 bxc4 28. Rc2 Kf7 29. Rac1 Ra4 30. e3 Ke6 31. Kg2 g5 32. h4 g4 33. Rd2 Ke5 34. Rd4 Rc6 35. Rc3 h5 36. Rc2 Rc5 37. Rc3 Rc6 38. Rc2 Rc8 39. Rc3 Ke6 40. Rc2 Ke5 41. Rc3 Rc6 1/2-1/2

[Event "*** SCC Grand Prix: Titled Tuesday Blitz"]
[Site "Chess.com"]
[Date "2020.06.02"]
[Round "4"]
[White "Balla_Tamas"]
[Black "atalz0"]
[Result "0-1"]
[WhiteElo "2474"]
[BlackElo "2323"]
[TimeControl "180+1"]
[EndTime "10:38:40 PDT"]
[Termination "atalz0 won by checkmate"]

1. e4 d5 2. exd5 Nf6 3. d4 Nxd5 4. c4 Nb6 5. Nc3 e5 6. dxe5 Qxd1+ 7. Nxd1 Nc6 8. f4 Be6 9. Nf3 Bb4+ 10. Kf2 Nxc4 11. Ne3 Bc5 12. b3 Nxe3 13. Bxe3 Bxe3+ 14. Kxe3 O-O-O 15. Bb5 Nb4 16. Rhc1 Nd5+ 17. Ke4 f5+ 18. exf6 Nxf6+ 19. Ke5 Bg4 20. Rc5 c6 21. f5 Nd7+ 22. Kf4 Bxf3 23.
Rc2 Bd5 24. Bd3 Rhe8 25. g4 h6 26. h4 Ne5 27. Be2 Kc7 28. b4 a6 29. a4 Bb3 30.
Rc3 Rd4+ 31. Kg3 Rxb4 32. Rb1 Re4 33. Rcxb3 Rxe2 34. Rxb7+ Kd6 35. Rd1+ Kc5 36. Rxg7 Nc4 37. f6 R8e3+ 38. Kf4 Rf2# 0-1

[Event "*** SCC Grand Prix: Titled Tuesday Blitz"]
[Site "Chess.com"]
[Date "2020.06.02"]
[Round "4"]
[White "VALPARAISO37"]
[Black "yonaltimur"]
[Result "1-0"]
[WhiteElo "2359"]
[BlackElo "1495"]
[TimeControl "180+1"]
[EndTime "10:38:41 PDT"]
[Termination "VALPARAISO37 won on time"]

1. d4 d5 2. c4 e6 3. Nc3 a6 4.
cxd5 exd5 5. Bf4 Nf6 6. e3 Be6 7. Nf3 Bd6 8. h3 Bxf4 9. exf4 Qd6 10. Qd2 Nbd7 11. Bd3 Nb6 12. O-O h6 13. f5 Bd7 14.
Rfe1+ Kf8 15. Ne5 Kg8 16. Qe3 Re8 17. a3 Kh7 18. g4 Rhf8 19. h4 Nxg4 20. f6+ Kg8 21.
Qf4 Qxf6 22. Qg3 h5 23. f3 Nh6 24. b4 Bf5 25. Bf1 Be6 26. Bd3 Nf5 27. Bxf5 Bxf5 28.
a4 c6 29. Qf4 g6 30. a5 Nc8 31. Nd7 Rxe1+ 32. Rxe1 Qg7 33. Nxf8 Qxf8 34. Kg2 Nd6 35. Re5 Kg7 36. Qe3 Bd7 37. Re7 Be6 38. Qe5+ Kg8 39. Qxd6 Qc8 40. Kg3 Qf8 41. Rxe6 1-0

[Event "*** SCC Grand Prix: Titled Tuesday Blitz"]
[Site "Chess.com"]
[Date "2020.06.02"]
[Round "4"]
[White "GelmanAlexander"]
[Black "Indianlad"]
[Result "0-1"]
[WhiteElo "2559"]
[BlackElo "3019"]
[TimeControl "180+1"]
[EndTime "10:38:42 PDT"]
[Termination "Indianlad won on time"]

1. c4 e5 2. e3 Nf6 3. a3 Nc6 4. d3 d5 5. cxd5 Nxd5 6. Nf3 Bd6 7.
b4 O-O 8. Bb2 Qe7 9. Nbd2 Bg4 10. Be2 Kh8 11. h3 Bh5 12. g4 Bg6 13. h4 h6 14. Qb3 Nb6 15. b5 Nd8 16. h5 Bh7 17. g5 hxg5 18. h6 g4 19. hxg7+ Kxg7 20. Rg1 f5 21. d4 Nf7 22. a4 Kh8 23. dxe5 Nxe5 24. Nd4 f4 25. O-O-O f3 26. Bf1 Nbd7 27. Nc4 Nc5 28.
Qa2 a6 29. b6 Rac8 30. Rh1 cxb6 31. Qb1 Nxa4 32. Nf5 Rxf5 33. Qxf5 Rc5 34. Rxh7+ Qxh7 35. Bxe5+ Kg8 36. Qe6+ Qf7 37. Qxg4+ Kf8 38. Bxd6+ Ke8 39. Qe4+ Kd7 40. Bxc5+ Kc7 41. Bd6+ Kc8 42. Bh3+ Kd8 43.
Qh4+ Qf6 0-1

[Event "*** SCC Grand Prix: Titled Tuesday Blitz"]
[Site "Chess.com"]
[Date "2020.06.02"]
[Round "4"]
[White "valeriocarnicelli"]
[Black "Logman74"]
[Result "1-0"]
[WhiteElo "2602"]
[BlackElo "2364"]
[TimeControl "180+1"]
[EndTime "10:38:42 PDT"]
[Termination "valeriocarnicelli won on time"]

1. e4 c5 2. Nf3 d6 3. d4 cxd4 4.
Nxd4 Nf6 5. Nc3 a6 6. f3 e5 7. Nb3 Be6 8. Be3 Nbd7 9. Qd2 Nb6 10. O-O-O Be7 11. Qf2 Nc4 12. Bxc4 Bxc4 13. Na5 Be6 14.
Bb6 Qc8 15. g4 O-O 16. Kb1 Nd7 17. Nd5 Bxd5 18. Rxd5 Nxb6 19. Qxb6 Rb8 20. Rhd1 g6 21.
R1d3 Bd8 22. Qb4 Bxa5 23. Qxa5 Rd8 24. Rxd6 Rxd6 25. Rxd6 Qc4 26. Rd3 Rc8 27. Qd2 Kg7 28. h4 Qc5 29. a3 Qg1+ 30. Ka2 Qg3 31. h5 Rc6 32. h6+ Kf6 33. g5+ Qxg5 34. Rd6+ Ke7 35. Qxg5+ 1-0